 Dungeon Crawl Stone Soup version 0.27-a0-1182-gee19b5822f (webtiles) character file.

Game seed: 12254708612439565899

2814 Delamore the Basher (level 9, -7/54 HPs)
             Began as a Gargoyle Fighter on May 18, 2021.
             Was a Believer of Qazlal.
             Mangled by Gastronok (32 damage)
             ... on level 8 of the Dungeon.
             The game lasted 00:07:36 (9157 turns).

Delamore the Basher (Gargoyle Fighter)              Turns: 9157, Time: 00:07:37

Health: -7/54      AC: 15    Str: 24    XL:     9   Next: 72%
Magic:  9/9        EV:  7    Int: 10    God:    Qazlal [**....]
Gold:   501        SH: 12    Dex:  9    Spells: 8/8 levels left

rFire    . . .     SeeInvis .   a - +0 flail (spect)
rCold    + . .     Faith    .   c - +0 kite shield
rNeg     + . .     Spirit   .   b - +0 scale mail
rPois    ∞         Reflect  .   (no helmet)
rElec    +         Harm     .   n - +0 cloak
rCorr    +         Rampage  .   q - +0 pair of gloves
Will     .....                  (no boots)
Stlth    ..........             (no amulet)
HPRegen  0.18/turn              j - ring of protection from cold
MPRegen  0.11/turn              k - ring of resist corrosion

@: no status effects
A: sickness immunity, AC +6, negative energy resistance 1, electricity
resistance, torment resistance 1, petrification resistance, clever 1
a: Renounce Religion, Upheaval


You were on level 8 of the Dungeon.
You worshipped Qazlal.
Qazlal was pleased with you.
You visited 2 branches of the dungeon, and saw 9 of its levels.
You also visited: Ossuary.

You collected 501 gold pieces.

Inventory:

Hand Weapons
 a - a +0 spectral flail (weapon)
Missiles
 e - 24 boomerangs (quivered)
 w - a throwing net
 B - 6 silver boomerangs
Armour
 b - a +0 scale mail (worn)
 c - a +0 kite shield (worn)
 n - a +0 cloak (worn)
 q - a +0 pair of gloves (worn)
 D - a scarf of invisibility
Jewellery
 i - an amulet of magic regeneration
 j - a ring of protection from cold (left hand)
 k - a ring of resist corrosion (right hand)
 H - a +6 ring of intelligence
Wands
 r - a wand of iceblast (8)
 A - a wand of digging (5)
 I - a wand of acid (4)
Scrolls
 f - 3 scrolls of noise
 h - a scroll of teleportation {unknown}
 p - a scroll of brand weapon
 x - a scroll of acquirement {unknown}
 y - a scroll of amnesia
 z - a scroll of fear {unknown}
 C - a scroll of fog
 F - a scroll of blinking {unknown}
 G - a scroll of silence
Potions
 d - 2 potions of degeneration
 g - 3 potions of heal wounds
 l - 2 potions of mutation
 m - 5 potions of curing
 o - 2 potions of attraction {unknown}
 s - 3 potions of cancellation {unknown}
 t - 2 potions of brilliance {unknown}
 u - a potion of haste {unknown}
 v - 3 potions of might
 E - 4 potions of lignification {unknown}


   Skills:
 - Level 5.0 Fighting
 + Level 12.0 Maces & Flails
 - Level 3.2 Armour
 - Level 5.0 Shields


You had 8 spell levels left.
You didn't know any spells.
Your spell library contained the following spells:

 Spells                   Type           Power      Damage    Failure   Level
 Animate Skeleton         Necr           0%         N/A       98%         1
 Magic Dart               Conj           0%         1d3       98%         1
 Pain                     Necr           0%         1d4       98%         1
 Searing Ray              Conj           0%         3d3       99%         2
 Dazzling Flash           Conj/Hex       0%         N/A       100%        3
 Vampiric Draining        Necr           0%         2d6       100%        3
 Animate Dead             Necr           0%         N/A       100%        4
 Fulminant Prism          Conj/Hex       0%         3d6       100%        4
 Iskenderun's Mystic Bla  Conj/Tloc      0%         2d3       100%        4
 Agony                    Necr           0%         N/A       100%        5


Dungeon Overview and Level Annotations

Branches:
Dungeon (8/15)             Temple (1/1) D:4         Ossuary (visited)
   Lair: D:8-11

Altars:
Ashenzari
Cheibriados
Dithmenos
Elyvilon
Fedhas
Gozag
Hepliaklqana
Kikubaaqudgha
Makhleb
Nemelex Xobeh
Okawaru
Qazlal
Ru
Sif Muna
Trog
Uskayaw
Xom
Yredelemnul
Zin
The Shining One

Annotations:
D:4 2 transporters, grizmgrazm2's ghost, weakling TrWr
D:8 Gastronok


Innate Abilities, Weirdness & Mutations

You are immune to sickness and miasma.
Your stone body is resilient. (AC +6)
You are immune to poison.
You resist negative energy. (rN+)
You are resistant to electric shocks. (rElec)
You are resistant to unholy torment.
You are immune to petrification.
Your mind is acute. (Int +2)


Message History

Found a leather armour.
You see here a +0 leather armour.
Found 16 arrows.
You hear a horrible gurgling sound!
Found a battleaxe.
No target in view!
Gastronok the Ponderous comes into view.
Gastronok gurgles horribly!
Gastronok moves out of view.
Found 14 gold pieces.
Gastronok is nearby!
Gastronok is nearby!
Gastronok bites you!
You hit Gastronok.
Gastronok is lightly wounded.
Your spectral weapon hits Gastronok!
You hit Gastronok.
Gastronok is lightly wounded.
Your spectral weapon hits Gastronok!
Your spectral weapon is engulfed in blazing flames.
Gastronok bites you!
Your spectral weapon is engulfed in blazing flames.
You hit Gastronok but do no damage.
Gastronok is lightly wounded.
Your spectral weapon hits Gastronok!
Your shield and scale mail prevent you from hitting Gastronok.
Gastronok is moderately wounded.
Your spectral weapon hits Gastronok!
Gastronok mumbles some strange words.
Gastronok puts on a burst of speed!
You hit Gastronok but do no damage.
Gastronok is moderately wounded.
Your spectral weapon hits Gastronok!
You hit Gastronok.
Gastronok is moderately wounded.
Your spectral weapon hits Gastronok!
Gastronok is engulfed in blazing flames.
Gastronok bites you!!
Ouch! That really hurt!
You die...

##..# #...##
##....##
#......###
###.(......#
#####..........#
.).............#.
######..#........
#...#@.......
##...#(w.$..##
#...##.....##
#...##....##
##..[##....#
###...###...##
###.....# #...#
##......## #...#
#.....###


You could see Gastronok (swift) and a friendly +0 spectral flail (summoned).

Vanquished Creatures
  Maggie (D:8)
  2 water moccasins
  An orc warrior (D:7)
  2 black bears
  3 necrophages
  2 ice beasts
  2 ogres
  4 scorpions (D:5)
  2 water moccasin zombies (Ossuary)
  A wyvern skeleton (D:7)
  3 howler monkeys
  2 bullfrog zombies
  4 jellies
  2 orc priests (D:7)
  2 hounds
  2 bullfrog skeletons (D:6)
  A centaur skeleton (D:6)
  2 iguanas
  9 orc wizards
  A killer bee zombie (D:5)
  3 hound skeletons
  2 mummies (Ossuary)
  A howler monkey zombie (D:5)
  5 adders
  2 shadow imps
  A white imp (D:2)
  An ufetubus (D:4)
  9 adder zombies (Ossuary)
  A worm (D:5)
  2 dart slugs
  13 orcs
  7 ball pythons
  5 endoplasms
  4 giant cockroaches
  9 goblins
  4 hobgoblins
  4 kobolds
  4 bats
  4 frilled lizards
  2 gnoll zombies (Ossuary)
  5 hobgoblin zombies (Ossuary)
  5 kobold zombies (Ossuary)
  An orc zombie (Ossuary)
  6 rats
148 creatures vanquished.

Notes
Turn   | Place    | Note
-------+----------+-------------------------------------------
     0 | D:1      | Delamore the Gargoyle Fighter began the quest for the Orb.
     0 | D:1      | Reached XP level 1. HP: 14/14 MP: 1/1
   449 | D:1      | Reached XP level 2. HP: 19/19 MP: 2/2
   878 | D:1      | Found a faded altar of an unknown god.
  1447 | D:2      | Reached XP level 3. HP: 12/24 MP: 3/3
  2327 | D:2      | Found a sacrificial altar of Ru.
  2882 | D:3      | Reached XP level 4. HP: 14/29 MP: 4/4
  2905 | D:2      | Reached skill level 3 in Maces & Flails
  3452 | D:4      | Noticed a scorpion
  3461 | D:5      | Entered Level 5 of the Dungeon
  3470 | D:5      | Gained mutation: Your mind is acute. (Int +2) [potion of
                  | mutation]
  3476 | D:5      | Killed a scorpion
  3477 | D:5      | Reached XP level 5. HP: 2/34 MP: 5/5
  3763 | D:4      | Noticed an ogre
  3766 | D:4      | Killed an ogre
  3767 | D:4      | Reached XP level 6. HP: 40/40 MP: 6/6
  3794 | D:4      | Reached skill level 5 in Fighting
  3794 | D:4      | Reached skill level 4 in Maces & Flails
  3794 | D:4      | Reached skill level 5 in Shields
  3806 | D:4      | Found a staircase to the Ecumenical Temple.
  3815 | Temple   | Entered the Ecumenical Temple
  3869 | Temple   | Became a worshipper of Qazlal Stormbringer
  3937 | D:4      | Found a sand-covered staircase.
  3943 | Ossuary  | Entered an ossuary
  4091 | Ossuary  | Reached skill level 5 in Maces & Flails
  4098 | Ossuary  | Reached XP level 7. HP: 29/44 MP: 7/7
  4293 | Ossuary  | Reached * piety under Qazlal
  4477 | D:4      | Found a transporter.
  4477 | D:4      | Noticed grizmgrazm2's ghost (weakling TrWr)
  4478 | D:4      | Found a transporter.
  4492 | D:4      | Found a hazy altar of Hepliaklqana.
  4515 | D:4      | Found an opulent altar of Gozag.
  4515 | D:4      | Found an iron altar of Okawaru.
  4518 | D:4      | Found a glowing silver altar of Zin.
  4701 | D:4      | Reached skill level 6 in Maces & Flails
  5206 | D:5      | Reached skill level 7 in Maces & Flails
  5317 | D:5      | Reached XP level 8. HP: 49/49 MP: 8/8
  5600 | D:5      | Reached skill level 8 in Maces & Flails
  6261 | D:6      | Found a shadowy altar of Dithmenos.
  6269 | D:6      | Reached skill level 9 in Maces & Flails
  6708 | D:6      | Found a blossoming altar of Fedhas.
  6837 | D:7      | Reached skill level 10 in Maces & Flails
  7250 | D:7      | Reached XP level 9. HP: 54/54 MP: 9/9
  7723 | D:7      | Reached ** piety under Qazlal
  7977 | D:7      | Found a sacrificial altar of Ru.
  8000 | D:7      | Reached skill level 11 in Maces & Flails
  8831 | D:8      | Noticed Maggie
  8840 | D:8      | Killed Maggie
  8841 | D:8      | Reached skill level 12 in Maces & Flails
  9148 | D:8      | Noticed Gastronok
  9157 | D:8      | Mangled by Gastronok

Illustrated notes

Levels and vault maps discovered:
D:1:      sevenhm_arrival_forest_fort_large_4, layout_basic,
          ebering_ecumenical_altar_rust
D:2:      layout_basic, basic_altar, minmay_misc_feat_columns, hex_intersection,
          minmay_misc_feat_iff
D:3:      layout_rooms, serial_glass, glass_columns_b, glass_columns_c,
          amcnicky_mini_rare_corridor_liquid
D:4:      layout_rooms, grunt_temple_overflow_open,
          minmay_temple_entry_junction_2, enter_ossuary_2, gammafunk_ghost_smash
D:5:      layout_basic, minmay_bent
D:6:      layout_loops_cross, kennysheep_mini_moat, old_standard_altar
D:7:      layout_gridville, nicolae_ru_sacrificial_ziggurat,
          minmay_a_box_with_orc_wizards_in_it
D:8:      layout_layer_cave, lemuel_doored_altar, eino_curves_04,
          grunt_decor_one_mirror, uniq_joseph, uniq_maggie, uniq_prince_ribbit1,
          uniq_gastronok
Temple:   dshaligram_water_room_temple

Skill      XL: |  1  2  3  4  5  6  7  8  9 |
---------------+----------------------------+-----
Fighting       | 4 5 |  5.0
Shields        | 4 5 |  5.0
Maces & Flails | 3 5 7 10 12 | 12.0
Armour         | |  3.2

Action                   |  1- 3 |  4- 6 |  7- 9 || total
-------------------------+-------+-------+-------++-------
Melee: Flail             |   162 |   147 |   404 ||   713
Throw: Boomerang         |       |       |     3 ||     3
Evoke: Wand              |       |     3 |       ||     3
  Use: Potion            |       |     2 |     1 ||     3
       Scroll            |       |     4 |     6 ||    10
Armor: Scale mail        |   108 |   119 |   214 ||   441
Dodge: Dodged            |    53 |    49 |    98 ||   200
Block: Kite shield       |    93 |    90 |   212 ||   395

Table legend: (Time is in decaauts)
 A = Elapsed time spent in this place.
 B = Non-inter-level travel time spent in this place.
 C = Inter-level travel time spent in this place.
 D = Time resting spent in this place.
 E = Time spent auto-exploring this place.
 F = Levels seen in this place.
 G = Mean time per level.
                   A        B        C        D        E       F      G
               +--------+--------+--------+--------+--------+-----+--------+
         Total |   9379 |   9097 |    282 |   1631 |   5910 |  10 |  937.9 |
       Dungeon |   8784 |   8521 |    263 |   1631 |   5581 |   8 | 1098.0 |
        Temple |     75 |     56 |     19 |      0 |      0 |   1 |   75.0 |
       Ossuary |    519 |    519 |      0 |      0 |    329 |   1 |  519.0 |
               +--------+--------+--------+--------+--------+-----+--------+

Top non-repeatable levels by time:
     D:2: 1571 daAuts
     D:5: 1509 daAuts
     D:1: 1425 daAuts
     D:7: 1263 daAuts
     D:6: 1207 daAuts
     D:4: 648 daAuts
     D:8: 612 daAuts
     D:3: 545 daAuts
 Ossuary: 519 daAuts
  Temple: 75 daAuts
